 Dungeon Crawl Stone Soup version 0.29.1-2-gbd0b4ee654 (webtiles) character file.

Game seed: 11418937074397795446

7 qeuew the Shooter (level 1, 10/10 HPs)
             Began as a Spriggan Hunter on Nov 3, 2022.
             Got out of the dungeon alive.
             The game lasted 00:01:14 (377 turns).

qeuew the Shooter (Spriggan Hunter)                  Turns: 377, Time: 00:01:14

Health: 10/10      AC:  2    Str:  7    XL:     1   Next: 91%
Magic:  2/2        EV: 18    Int: 10    God:
Gold:   29         SH:  0    Dex: 18    Spells: 0/0 levels left

rFire   . . .      SeeInvis +   a - +0 shortbow
rCold   . . .      Faith    .   (shield currently unavailable)
rNeg    . . .      Spirit   .   c - +0 robe
rPois   .          Reflect  .   (helmet restricted)
rElec   .          Harm     .   (no cloak)
rCorr   .          Rampage  .   (gloves unavailable)
Will    .....                   (boots unavailable)
Stlth   ++........              (no amulet)
HPRegen 0.03/turn               (no ring)
MPRegen 0.08/turn               (no ring)

@: very quick
A: very small, no large weapons, unfitting armour, see invisible, speed 3
a: no special abilities


You escaped.
You visited 1 branch of the dungeon, and saw 1 of its levels.

You collected 29 gold pieces.

Inventory:

Hand Weapons
 a - a +0 shortbow (weapon)
Armour
 c - a +0 robe (worn)
Scrolls
 b - a scroll of immolation
 e - a scroll of vulnerability {unknown}
 f - a scroll of identify {unknown}
 g - a scroll of enchant armour {unknown}
Potions
 d - a potion of curing {unknown}
 h - a potion of might {unknown}
 i - a potion of attraction {unknown}


   Skills:
 + Level 1.5 Fighting
 + Level 4.2 Ranged Weapons
 * Level 2.9 Dodging
 * Level 1.8 Stealth


You couldn't memorise any spells.
You didn't know any spells.
Your spell library was empty.

Dungeon Overview and Level Annotations

Branches:
Dungeon (1/15)

Altars:

Shops:
D:1 !(


Innate Abilities, Weirdness & Mutations

You are very small and have problems with some larger weapons.
You are too small for most types of armour.
You have supernaturally acute eyesight. (SInv)
You cover ground extremely quickly. (Speed+++)


Message History

Found a scroll labelled KECOGU IFUULO.
No target in view!
f - a scroll labelled WUESID XEYTRAOP
g - a scroll labelled KECOGU IFUULO
h - a sedimented cyan potion
There is a stone staircase leading down here.
You see here a hobgoblin corpse.
A kobold comes into view. It is wielding a +0 whip.
Found a clear potion.
You shoot an arrow.
The arrow hits the kobold but does no damage.
The kobold shouts!
You shoot an arrow. The arrow barely misses the kobold.
You shoot an arrow. The arrow closely misses the kobold.
The kobold throws a stone.
The stone barely misses you.
You shoot an arrow. The arrow closely misses the kobold.
You shoot an arrow. The arrow closely misses the kobold.
You shoot an arrow. The arrow hits the kobold!
You kill the kobold!
No target in view!
i - a clear potion
Found a ring mail.
A frilled lizard comes into view.
Found 6 poisoned darts.
A frilled lizard is nearby!
Unknown command.
The frilled lizard hisses angrily.
A goblin comes into view. It is wielding a +0 dagger.
Found 12 gold pieces.
The goblin shouts!
You see here 12 gold pieces.
A goblin comes into view. It is wielding a +0 club.
The goblin shouts!
There is a staircase leading out of the dungeon here.
You can't go down here!
Are you sure you want to leave the Dungeon?
This will make you lose the game!
Alright, then stay!
There is a staircase leading out of the dungeon here.
Are you sure you want to leave the Dungeon?
This will make you lose the game!
You have escaped!

#####.#####.#.......#
# #.# #.#.......# #.#
#.#.......# #.#
#.#.≈≈....# #.#
#.#.≈≈....# ..#
#.#......##
#.#.####.# #.#....#
###.@.### #....#.#
#.####.# ##g.....#
#....≈≈.# #.
#....≈≈.# #.
#.......# #.
##.......# #.
#........#


You could see a goblin.

Vanquished Creatures
  An endoplasm (D:1)
  A hobgoblin (D:1)
  A kobold (D:1)
  2 ball pythons (D:1)
  A bat (D:1)
  A frilled lizard (D:1)
7 creatures vanquished.

Notes
Turn   | Place    | Note
-------+----------+-------------------------------------------
     0 | D:1      | qeuew the Spriggan Hunter began the quest for the Orb.
     0 | D:1      | Reached XP level 1. HP: 10/10 MP: 2/2
    36 | D:1      | Found Deej's Weapon Boutique.
    51 | D:1      | Found Irytuf's Distillery.
   377 | D:$      | Got out of the dungeon alive.

Illustrated notes

Levels and vault maps discovered:
D:1:      amcnicky_arrival_double_pillar, layout_loops_ring, serial_shops, shop,
          nicolae_shop_stone, shop

Action                   || total
-------------------------++-------
 Fire: Shortbow          ||    16
Dodge: Dodged            ||     1
